Map: Bridgehead LE (Void)

Players

wabbajack - Winner!

  • Race: Terran Terran
  • League: Gold

VOD

Have the link to the VOD?

Description

Time

  • Played on: July 17, 2015, 4:24 p.m.
  • Length: 7:36
Show
View Real Time Build Order
Export as new Build Order

wabbajack Terran - Winner!

Build Orders:  

Get SALT Encoding   

  12  0:03  SCV  
  12  0:15  SCV  
  12  0:19  Supply Depot  
  12  0:27  SCV  
  12  0:31  Refinery  
  12  0:41  SCV  
  12  0:48  Barracks  
  12  0:53  SCV  
  12  1:05  SCV  
  12  1:11  Barracks  
  12  1:18  Supply Depot  
  12  1:19  SCV  
  12  1:36  Orbital Command  
  12  1:40  Marine  
  12  1:52  Factory  
  12  2:04  SCV  
  12  2:07  Barracks Reactor  
  12  2:16  Barracks Reactor  
  12  2:21  SCV  
  12  2:24  Refinery  
  12  2:33  SCV  
  12  2:42  Command Center  
  12  2:48  Marine x2  
  12  2:53  Starport  
  12  2:54  Hellion  
  12  2:55  Marine  
  12  3:00  SCV  
  12  3:07  Marine x2  
  12  3:11  Supply Depot  
  12  3:15  Supply Depot  
  12  3:33  SCV  
  12  3:41  Hellion  
  12  3:47  Armory  
  12  3:49  SCV  
  12  3:55  Barracks Tech Lab  
  12  3:56  Marine x2  
  12  4:00  Medivac  
  12  4:02  Medivac  
  12  4:05  Hellion  
  12  4:08  Orbital Command  
  12  4:16  SCV  
  12  4:17  Marine x2  
  12  4:22  Marauder  
  12  4:32  Hellion  
  12  4:35  Marine x2  
  12  4:39  SCV, Refinery  
  12  4:40  Refinery  
  12  4:41  SCV  
  12  4:43  Marine  
  12  4:45  Liberator  
  12  4:51  SCV  
  12  4:53  Supply Depot, SCV  
  12  4:57  Liberator  
  12  5:08  SCV x2  
  12  5:12  Supply Depot  
  12  5:33  Marine x2  
  12  5:34  Hellion  
  12  5:35  Marauder  
  12  5:43  Supply Depot  
  12  5:45  Medivac  
  12  5:46  SCV x2  
  12  5:57  Medivac  
  12  5:58  SCV x2  
  12  6:00  Marauder  
  12  6:02  Factory Tech Lab  
  12  6:03  Marine x2  
  12  6:20  Marine  
  12  6:21  Marauder, Marine  
  12  7:07  Marine  
  12  7:08  Marauder, Marine  
Tags
 
Add a new tag
Caveats
  • Supply blocks, unpowered buildings, or Contaminate may cause inaccurate times.
  • Supply counts are checked every 10 seconds.